 Dungeon Crawl Stone Soup version 0.31-a0-233-g139696dc86 (webtiles) character file.

Game seed: 15700819320949978845

221 qw the Shooter (level 5, -1/45 HPs)
             Began as a Minotaur Hexslinger on July 8, 2023.
             Slain by a gnoll
             ... wielding a +0 spear
              (8 damage)
             ... on level 4 of the Dungeon.
             The game lasted 00:01:10 (2602 turns).

qw the Shooter (Minotaur Hexslinger)                Turns: 2602, Time: 00:01:11

Health: -1/45      AC: 11    Str: 12    XL:     5   Next: 65%
Magic:  5/5        EV: 11    Int: 10    God:
Gold:   209        SH:  0    Dex: 15    Spells: 5/6 levels left

rFire   . . .        Y - +0 orcbow
rCold   . . .        (shield currently unavailable)
rNeg    . . .        g - +0 ring mail
rPois   .            (helmet restricted)
rElec   .            (no cloak)
rCorr   .            a - +2 pair of gloves
SInv    .            c - +2 pair of boots
Will    .....        (no amulet)
Stlth   +            (no ring)
HPRegen 0.27/turn    (no ring)
MPRegen 0.09/turn

%: no passive effects
@: no status effects
A: horns 2, retaliatory headbutt
a: no special abilities


You were on level 4 of the Dungeon.
You visited 1 branch of the dungeon, and saw 4 of its levels.

You collected 209 gold pieces.


Innate Abilities, Weirdness & Mutations

You have a pair of horns on your head.
You reflexively headbutt those who attack you in melee.


   Skills:
 - Level 3.0 Fighting
 + Level 5.8 Ranged Weapons
 - Level 1.2 Armour
 - Level 2.1 Dodging
 - Level 1.0 Spellcasting
 - Level 2.0 Hexes


You had 5 spell levels left.
You knew the following spells:

 Your Spells              Type           Power      Damage    Failure   Level
a - Slow                  Hex            16%        N/A       34%         1

Your spell library contained the following spells:

 Spells                   Type           Power      Damage    Failure   Level
 Inner Flame              Hex/Fire       2%         N/A       83%         3
 Portal Projectile        Hex/Tloc       4%         N/A       83%         3
 Cause Fear               Hex            2%         N/A       98%         4

Inventory:

Hand Weapons
 Y - a +0 orcbow (weapon)
Armour
 a - a +2 pair of gloves (worn)
 c - a +2 pair of boots (worn)
 g - a +0 ring mail (worn)
Jewellery
 j - a ring of ice
Potions
 d - a potion of ambrosia {unknown}
 f - a potion of degeneration {unknown}
 h - a potion of brilliance {unknown}
 i - a potion of lignification {unknown}
 k - a potion of enlightenment {unknown}

Dungeon Overview and Level Annotations

Branches:
Dungeon (4/15)
 Temple: D:4-7

Altars:
Cheibriados
Zin


Message History

The puff of flame hits you but does no damage.
The gnoll barely misses you.
You shoot an arrow. The arrow completely misses the gnoll.
The arrow hits the gnoll but does no damage.
The gnoll is severely wounded.
The gnoll hits you but does no damage.
You shoot an arrow. The arrow barely misses the gnoll.
The gnoll hits you from afar with a +0 spear.
The gnoll hits you from afar with a +0 halberd.
You shoot an arrow.
The arrow hits the gnoll but does no damage.
The gnoll is severely wounded.
The gnoll barely misses you. x2
The gnoll hits you from afar with a +0 halberd!
The gnoll barely misses you. The gnoll hits you but does no damage.
The gnoll barely misses you.
You shoot an arrow. The arrow hits the gnoll.
The gnoll is almost dead.
The gnoll hits you but does no damage. The gnoll barely misses you.
The gnoll misses you.
You shoot an arrow. The arrow barely misses the gnoll.
The gnoll hits you from afar with a +0 spear.
The gnoll zaps a wand.
The puff of flame hits you but does no damage.
The gnoll barely misses you.
The gnoll hits you from afar with a +0 spear.
The gnoll hits you but does no damage.
The gnoll zaps a wand.
The puff of flame hits you.
You shoot an arrow. The arrow closely misses the gnoll.
The gnoll hits you but does no damage. x2; The gnoll barely misses you.
You shoot an arrow.
The arrow hits the gnoll but does no damage.
The gnoll is almost dead.
The gnoll misses you. The gnoll barely misses you.
The gnoll hits you from afar with a +0 halberd.
You shoot an arrow.
The arrow hits the gnoll but does no damage.
The gnoll is almost dead.
The gnoll hits you from afar with a +0 spear!
You die...

###......#
...#.....#
........##
#####...##
#...#.).#
#.......#
######.##
#...)#
#...@#
####.#


ggg ..g.. ?...... .....#... #####.##..# #.. ..' You could see 3 gnolls and a
goblin.

Vanquished Creatures
  An orc priest (D:3)
  An iron imp (D:3)
  An orc wizard (D:3)
  2 adders
  5 gnolls
  A worm (D:2)
  A dart slug (D:2)
  7 orcs
  7 endoplasms
  2 giant cockroaches (D:2)
  4 goblins
  5 hobgoblins
  6 jackals
  2 quokkas (D:1)
  4 ball pythons
  3 bats
  3 frilled lizards
  4 kobolds
  6 rats
65 creatures vanquished.

Notes
Turn   | Place    | Note
-------+----------+-------------------------------------------
     0 | D:1      | qw the Minotaur Hexslinger began the quest for the Orb.
     0 | D:1      | Reached XP level 1. HP: 16/16 MP: 1/1
     0 | D:1      | 0 ||| qw: Version: 0.3-a-46-gb1f654a
     0 | D:1      | 0 ||| qw: Game counter: 3641
     0 | D:1      | 0 ||| qw: Melee chars always use a shield: true
     0 | D:1      | 0 ||| qw: God list: Okawaru
     0 | D:1      | 0 ||| qw: Allow faded altars: false
     0 | D:1      | 0 ||| qw: Do Orc after clearing Dungeon:15 true
     0 | D:1      | 0 ||| qw: Do second Lair branch before Depths: true
     0 | D:1      | 0 ||| qw: Lair rune preference: random
     0 | D:1      | 0 ||| qw: Goals: Normal
     0 | D:1      | 0 ||| PLANNING D:1-11
   343 | D:1      | Reached skill level 3 in Ranged Weapons
   346 | D:1      | Reached XP level 2. HP: 15/23 MP: 2/2
   856 | D:1      | 856 ||| UPGRADING to +0 leather armour.
   866 | D:1      | 866 ||| DROPPING +0 robe.
   867 | D:1      | 867 ||| UPGRADING to +0 ring mail.
   877 | D:1      | 877 ||| DROPPING +0 leather armour.
   878 | D:1      | 878 ||| READING scroll labelled NIAMYT ARAIPS.
   879 | D:1      | 879 ||| READING scroll labelled HIZIK MEOGUAMM.
   880 | D:1      | 880 ||| DROPPING scroll of poison.
   962 | D:2      | 962 ||| FLEEEEING.
   963 | D:2      | 963 ||| FLEEEEING.
   965 | D:2      | 965 ||| FLEEEEING.
   966 | D:2      | 966 ||| FLEEEEING.
   967 | D:2      | 967 ||| FLEEEEING.
   968 | D:2      | 968 ||| FLEEEEING.
   969 | D:2      | 969 ||| FLEEEEING.
   973 | D:2      | 973 ||| FLEEEEING.
   974 | D:2      | 974 ||| FLEEEEING.
   975 | D:2      | 975 ||| FLEEEEING.
   976 | D:2      | 976 ||| STAIRDANCE
   995 | D:1      | 995 ||| UPGRADING to +0 pair of gloves.
  1003 | D:2      | 1003 ||| STAIRDANCE
  1007 | D:1      | Reached XP level 3. HP: 21/29 MP: 3/3
  1168 | D:2      | 1168 ||| SWAPPING to +0 orcbow.
  1169 | D:2      | 1169 ||| DROPPING +1 sling.
  1202 | D:2      | 1202 ||| FLEEEEING.
  1203 | D:2      | 1203 ||| FLEEEEING.
  1204 | D:2      | 1204 ||| FLEEEEING.
  1205 | D:2      | 1205 ||| FLEEEEING.
  1206 | D:2      | 1206 ||| FLEEEEING.
  1430 | D:2      | Reached skill level 4 in Ranged Weapons
  1445 | D:2      | Found a faded altar of an unknown god.
  1609 | D:2      | Reached skill level 1 in Armour
  1614 | D:2      | Reached XP level 4. HP: 29/36 MP: 4/4
  1767 | D:2      | 1767 ||| READING 4 scrolls labelled DURALE QEMY.
  1768 | D:2      | 1768 ||| READING 3 scrolls of enchant armour.
  1768 | D:2      | 1768 ||| ENCHANTING +0 pair of gloves.
  1769 | D:2      | 1769 ||| READING 2 scrolls of enchant armour.
  1769 | D:2      | 1769 ||| ENCHANTING +1 pair of gloves.
  1770 | D:2      | 1770 ||| READING scroll labelled RENUMU GOMO.
  1775 | D:2      | 1775 ||| READING 2 scrolls labelled TUCLIS BEYNN.
  1776 | D:2      | 1776 ||| DROPPING scroll of fear.
  1799 | D:3      | 1799 ||| Stepping ~*~*~tactically~*~*~ (outnumbered).
  1810 | D:3      | Reached skill level 5 in Ranged Weapons
  1851 | D:3      | Reached XP level 5. HP: 44/44 MP: 5/5
  1919 | D:3      | Reached skill level 3 in Fighting
  1952 | D:3      | Found a snail-covered altar of Cheibriados.
  1975 | D:3      | 1975 ||| FLEEEEING.
  1976 | D:3      | 1976 ||| FLEEEEING.
  1977 | D:3      | 1977 ||| FLEEEEING.
  1978 | D:3      | 1978 ||| FLEEEEING.
  1979 | D:3      | 1979 ||| FLEEEEING.
  1981 | D:3      | 1981 ||| FLEEEEING.
  1983 | D:3      | 1983 ||| FLEEEEING.
  1984 | D:3      | 1984 ||| FLEEEEING.
  1985 | D:3      | 1985 ||| FLEEEEING.
  1986 | D:3      | 1986 ||| FLEEEEING.
  1987 | D:3      | 1987 ||| FLEEEEING.
  1988 | D:3      | 1988 ||| FLEEEEING.
  1989 | D:3      | 1989 ||| FLEEEEING.
  1990 | D:3      | 1990 ||| FLEEEEING.
  1991 | D:3      | 1991 ||| FLEEEEING.
  1992 | D:3      | 1992 ||| FLEEEEING.
  1993 | D:3      | 1993 ||| FLEEEEING.
  1994 | D:3      | 1994 ||| FLEEEEING.
  1995 | D:3      | 1995 ||| FLEEEEING.
  1996 | D:3      | 1996 ||| FLEEEEING.
  1999 | D:3      | 1999 ||| FLEEEEING.
  2000 | D:3      | 2000 ||| STAIRDANCE
  2022 | D:2      | 2022 ||| READING scroll labelled HAUPROBINI.
  2075 | D:3      | Identified the +8 chain mail of the Stone Wall {Harm rN++
                  | rCorr Str-4}
  2186 | D:3      | Found a glowing silver altar of Zin.
  2326 | D:3      | Identified the +6 dire flail of the Silent Majority {drain,
                  | Str+4 Int+6}
  2400 | D:3      | 2400 ||| UPGRADING to +0 pair of boots.
  2405 | D:3      | 2405 ||| READING 2 scrolls of enchant armour.
  2405 | D:3      | 2405 ||| ENCHANTING +0 pair of boots.
  2406 | D:3      | 2406 ||| READING scroll of enchant armour.
  2406 | D:3      | 2406 ||| ENCHANTING +1 pair of boots.
  2407 | D:3      | 2407 ||| READING 2 scrolls labelled ZUKKIH LEPLEGG.
  2508 | D:3      | 2508 ||| DROPPING scroll of silence.
  2601 | D:4      | HP: 6/45 [gnoll/+0 halberd (6)]
  2602 | D:4      | Slain by a gnoll

Levels and vault maps discovered:
D:1:      evilmike_arrival_crescent, layout_basic
D:2:      layout_loops_ring, hellmonk_ecumenical_altar_pennies_from_heaven
D:3:      layout_basic, zin_academy, slow_altar_1
D:4:      wad_river_or_something, layout_gridville, corexii_shack,
          hangedman_abyss_or_decor_stagger, amethyst_killhole, uniq_duvessa

Skill      XL: |  1  2  3  4  5 |
---------------+----------------+-----
Ranged Weapons | 3 4 5 |  5.8
Fighting       | 2 3 |  3.0
Armour         | 1 |  1.2
Dodging        | |  2.1
Spellcasting   | |  1.0
Hexes          | |  2.0

Action                     |  1- 3 |  4- 6 || total
---------------------------+-------+-------++-------
   Fire: Sling             |   101 |       ||   101
         Orcbow            |    27 |    97 ||   124
    Use: Scroll            |     2 |     9 ||    11
 Armour: Robe              |    10 |       ||    10
         Ring mail         |    12 |    33 ||    45
  Dodge: Dodged            |    33 |    37 ||    70

Table legend:
 A = Non-vault XP
 B = Vault XP
 C = Vault XP percentage of total XP
 D = Non-vault monster count
 E = Vault monster count
 F = Vault count percentage of total count
                 A         B        C        D         E       F
            +---------+---------+-------+---------+---------+-------
      Total |     277 |      39 |  12.3 |      64 |       1 |   1.5
            +---------+---------+-------+---------+---------+-------
        D:1 |      29 |       0 |   0.0 |      19 |       0 |   0.0
        D:2 |      90 |       0 |   0.0 |      21 |       0 |   0.0
        D:3 |     114 |      39 |  25.5 |      16 |       1 |   5.9
        D:4 |      44 |       0 |   0.0 |       8 |       0 |   0.0
            +---------+---------+-------+---------+---------+-------
